Map: Proxima Station LE

Players

Dark - Winner!

  • Race: Zerg Zerg
  • Spawn Location: 1:00

Stats

  • Race: Protoss Protoss
  • Spawn Location: 7:00

Event: IEM XI Katowice - World Championship 2017

VOD

https://www.youtube.com/watch?v=eoe9fs6-YpI&t=25s

Description

Time

  • Played on: March 5, 2017, 7:17 a.m.
  • Length: 18:24

All games in this series

Show
View Real Time Build Order
Export as new Build Order

Dark Zerg - Winner!

Build Orders: Hatch First 

Get SALT Encoding   

  12  0:00  Drone  
  13  0:12  Overlord  
  13  0:17  Drone  
  14  0:30  Drone x2  
  14  0:34  Drone  
  17  0:52  Hatchery  
  17  0:55  Drone  
  17  0:59  Drone  
  18  1:04  Extractor  
  17  1:14  Spawning Pool  
  17  1:16  Drone  
  17  1:20  Drone  
  18  1:27  Drone  
  19  1:42  Drone  
  20  1:50  Hatchery  
  19  2:01  Zergling x2  
  19  2:03  Queen  
  22  2:10  Metabolic Boost  
  22  2:14  Drone  
  23  2:19  Drone  
  23  2:22  Drone  
  25  2:26  Overlord  
  25  2:30  Drone  
  25  2:33  Drone  
  25  2:35  Drone  
  28  2:44  Queen  
  28  2:45  Drone  
  28  2:48  Drone  
  32  2:53  Drone  
  33  3:01  Queen  
  33  3:03  Drone x2  
  37  3:07  Overlord  
  37  3:09  Drone  
  37  3:11  Drone  
  39  3:13  Drone  
  39  3:17  Drone x2  
  42  3:25  Drone x2  
  44  3:30  Queen  
  44  3:32  Drone  
  47  3:36  Drone  
  47  3:37  Overlord  
  47  3:38  Drone x2  
  47  3:40  Overlord  
  50  3:43  Overlord  
  50  3:49  Spore Crawler  
  50  3:50  Spore Crawler  
  50  3:52  Evolution Chamber  
  47  3:56  Spore Crawler, Drone  
  47  3:57  Drone  
  47  3:58  Drone  
  47  4:01  Drone  
  51  4:10  Zergling x8  
  51  4:11  Drone  
  51  4:14  Extractor  
  54  4:18  Zerg Melee Weapons Level 1, Lair  
  54  4:21  Drone x3  
  57  4:24  Drone  
  57  4:25  Drone x2  
  57  4:29  Drone x3  
  63  4:36  Drone x2  
  65  4:43  Baneling Nest  
  65  4:44  Drone x3  
  66  4:47  Extractor  
  66  4:48  Overlord, Extractor  
  64  4:54  Overlord  
  64  4:56  Queen  
  66  5:00  Overlord  
  66  5:07  Drone  
  67  5:08  Drone  
  67  5:09  Drone x6  
  67  5:13  Drone  
  67  5:14  Drone x2  
  77  5:17  Overlord  
  77  5:26  Centrifical Hooks  
  77  5:28  Drone x3  
  78  5:30  Infestation Pit  
  78  5:31  Drone x2  
  78  5:41  Overlord  
  78  5:44  Zergling x2  
  78  5:45  Zergling x18  
  88  5:54  Hatchery  
  88  5:56  Overlord x2, Extractor  
  86  5:57  Zergling x2  
  86  6:01  Hatchery  
  86  6:10  Drone x3  
  86  6:11  Hive, Drone  
  86  6:18  Zergling x14  
  91  6:20  Baneling x4  
  91  6:21  Overseer  
  91  6:23  Zerg Melee Weapons Level 2  
  91  6:25  Drone  
  92  6:27  Evolution Chamber  
  91  6:37  Baneling x2  
  91  6:39  Drone x10  
  100  6:46  Drone x4  
  104  6:51  Extractor  
  104  6:52  Drone  
  104  6:53  Drone  
  105  6:54  Zerg Ground Armor Level 1  
  105  6:58  Drone x2  
  105  7:00  Spire  
  106  7:03  Spore Crawler  
  106  7:04  Drone x2  
  106  7:05  Drone  
  108  7:10  Infestor x2  
  108  7:12  Overlord  
  108  7:15  Zergling x8  
  113  7:22  Drone x3  
  115  7:25  Adrenal Glands  
  115  7:28  Drone x4  
  115  7:29  Drone x4  
  123  7:36  Extractor  
  123  7:37  Extractor  
  121  7:48  Spore Crawler x2  
  121  7:49  Spore Crawler  
  121  7:50  Spore Crawler  
  121  7:51  Spore Crawler x2, Drone x3  
  117  7:53  Burrow  
  117  7:54  Pneumatized Carapace  
  117  7:56  Overlord x3  
  117  7:57  Overlord  
  118  8:02  Drone  
  119  8:12  Zergling x14  
  126  8:14  Overlord, Zerg Flyer Weapons Level 1  
  126  8:16  Drone  
  126  8:17  Corruptor x4  
  126  8:18  Corruptor  
  137  8:21  Corruptor  
  139  8:27  Ultralisk Cavern  
  139  8:29  Corruptor  
  139  8:34  Hatchery  
  139  8:36  Corruptor x2  
  139  8:40  Overseer  
  142  8:46  Drone x3  
  142  8:47  Drone x5  
  150  8:54  Overlord x2  
  150  8:56  Corruptor x3  
  156  9:06  Hatchery  
  152  9:10  Zergling x2  
  152  9:11  Zergling x16  
  152  9:14  Chitinous Plating  
  152  9:16  Zerg Melee Weapons Level 3  
  161  9:24  Drone x3  
  161  9:25  Drone  
  161  9:26  Viper  
  161  9:28  Spore Crawler  
  161  9:29  Spore Crawler  
  159  9:46  Overlord x4  
  150  9:52  Overlord  
  142  10:09  Zergling x12  
  142  10:10  Ultralisk x2, Spore Crawler  
  142  10:12  Spore Crawler x3  
  154  10:14  Corruptor x2  
  154  10:15  Corruptor x2  
  154  10:17  Zergling x10  
  159  10:22  Corruptor x2  
  159  10:24  Viper  
  165  10:38  Viper  
  165  10:39  Drone x3  
  165  10:40  Drone x4  
  165  10:41  Spore Crawler  
  165  10:42  Extractor x2, Drone  
  169  10:44  Baneling x4  
  169  10:51  Zerg Flyer Weapons Level 2  
  169  10:55  Spire  
  168  10:58  Drone x3  
  168  11:00  Overseer x2  
  168  11:02  Spore Crawler x2  
  168  11:03  Spore Crawler  
  168  11:06  Zergling x26  
  168  11:07  Zergling x4  
  182  11:15  Ultralisk  
  182  11:19  Spore Crawler  
  182  11:20  Overlord x2  
  182  11:21  Spore Crawler  
  180  11:28  Overlord, Drone x4  
  180  11:31  Zergling x8  
  180  11:32  Zergling x8  
  188  11:42  Ultralisk  
  194  11:50  Drone x2  
  194  11:51  Spore Crawler  
  194  11:52  Spore Crawler  
  194  11:53  Spore Crawler  
  192  11:55  Ultralisk  
  197  12:04  Zergling x4  
  197  12:05  Zergling x2  
  188  12:18  Viper  
  188  12:19  Viper  
  188  12:21  Ultralisk x2  
  197  12:25  Zergling x2  
  197  12:27  Zergling x2  
  197  12:28  Zergling x8  
  198  12:31  Zerg Ground Armor Level 2  
  196  12:38  Zergling x2  
  196  12:41  Spore Crawler  
  187  12:46  Spore Crawler  
  187  12:47  Spore Crawler, Corruptor x5  
  187  12:48  Corruptor x2  
  199  12:54  Zerg Flyer Armor Level 1  
  198  13:20  Zergling x4  
  198  13:22  Overlord  
  198  13:23  Zerg Flyer Weapons Level 3  
  196  13:34  Zergling x10  
  196  13:37  Zergling x12  
  196  13:39  Drone x10  
  196  13:41  Drone x2  
  196  13:42  Drone x3  
  196  13:44  Zergling x4  
  187  14:20  Ultralisk x2  
  198  14:28  Spore Crawler  
  198  14:30  Spore Crawler  
  196  14:32  Spine Crawler, Drone x4  
  196  14:33  Spine Crawler  
  196  14:36  Extractor  
  196  14:37  Extractor  
  190  14:39  Drone  
  190  14:40  Drone  
  190  14:42  Spine Crawler  
  190  14:43  Spine Crawler  
  188  14:49  Zerg Flyer Armor Level 2  
  188  14:52  Ultralisk x2  
  200  14:55  Spore Crawler  
  200  14:56  Drone  
  200  14:58  Spore Crawler  
  199  15:02  Overseer x3  
  199  15:03  Overlord x3  
  199  15:14  Spore Crawler  
  199  15:15  Spore Crawler, Zerg Ground Armor Level 3  
  186  15:36  Hatchery  
  186  15:42  Zergling x10  
  188  15:43  Zergling x16  
  188  15:48  Spine Crawler  
  195  15:50  Zergling x20  
  195  15:56  Spine Crawler, Drone  
  199  15:58  Spine Crawler  
  199  16:00  Spine Crawler  
  199  16:04  Drone x2  
  197  16:06  Drone x2  
  197  16:07  Spine Crawler  
  190  16:40  Greater Spire  
  190  16:41  Baneling x2  
  190  16:42  Baneling x7  
  190  16:43  Baneling x2  
  175  16:59  Ultralisk x3  
  176  17:04  Zergling x30  
  180  17:11  Ultralisk x2  
  180  17:14  Zergling x2  
  180  17:15  Zergling x12  
  196  17:16  Zergling x2  
  196  17:17  Zergling x4  
  193  17:24  Zergling x12  
  193  17:28  Zergling x12  
  199  17:33  Zergling x2  
  197  17:37  Baneling  
  197  17:38  Baneling x3  
  197  17:42  Zergling x10  
  197  17:43  Zergling x4  
  199  17:48  Zergling x2  
  185  18:03  Zergling x24  
  192  18:06  Zergling x2, Hatchery  
  192  18:07  Zergling x4  
Show
View Real Time Build Order
Export as new Build Order

Stats Protoss 

Build Orders: Nexus First, Oracle Opening 

Get SALT Encoding   

  12  0:00  Probe (Chrono Boost)  
  13  0:11  Probe (Chrono Boost)  
  14  0:17  Pylon  
  14  0:22  Probe (Chrono Boost)  
  15  0:35  Probe (Chrono Boost)  
  16  0:45  Probe (Chrono Boost)  
  17  0:56  Probe (Chrono Boost)  
  18  1:04  Nexus  
  18  1:13  Gateway  
  18  1:16  Probe (Chrono Boost)  
  19  1:21  Assimilator  
  19  1:26  Probe (Chrono Boost)  
  20  1:38  Assimilator, Probe (Chrono Boost)  
  21  1:41  Pylon  
  21  1:48  Probe (Chrono Boost)  
  22  1:59  Probe (Chrono Boost)  
  23  2:01  Cybernetics Core  
  23  2:08  Zealot  
  25  2:09  Probe (Chrono Boost)  
  26  2:16  Probe (Chrono Boost)  
  26  2:20  Probe (Chrono Boost)  
  28  2:27  Probe (Chrono Boost)  
  29  2:31  Probe (Chrono Boost)  
  29  2:33  Stalker  
  30  2:37  Warp Gate, Probe (Chrono Boost)  
  30  2:43  Probe (Chrono Boost)  
  34  2:45  Stargate  
  34  2:48  Probe (Chrono Boost)  
  35  2:55  Probe (Chrono Boost)  
  36  2:59  Probe (Chrono Boost)  
  36  3:02  Adept  
  36  3:04  Pylon  
  39  3:06  Probe (Chrono Boost)  
  39  3:09  Probe (Chrono Boost)  
  41  3:18  Mothership Core (Chrono Boost)  
  43  3:20  Probe (Chrono Boost)  
  43  3:23  Assimilator  
  43  3:25  Assimilator  
  43  3:26  Oracle  
  44  3:27  Pylon  
  44  3:33  Probe (Chrono Boost)  
  48  3:36  Adept  
  48  3:37  Probe (Chrono Boost)  
  51  3:43  Pylon  
  51  3:44  Probe (Chrono Boost)  
  53  3:49  Probe (Chrono Boost)  
  53  3:54  Probe (Chrono Boost)  
  54  3:57  Oracle  
  54  4:02  Probe (Chrono Boost)  
  58  4:05  Probe (Chrono Boost)  
  59  4:14  Probe (Chrono Boost)  
  61  4:17  Probe (Chrono Boost)  
  61  4:22  Nexus  
  61  4:25  Pylon  
  61  4:27  Probe x2 (Chrono Boost)  
  61  4:28  Void Ray  
  63  4:36  Pylon  
  67  4:45  Probe (Chrono Boost)  
  69  4:47  Sentry, Probe (Chrono Boost)  
  69  4:48  Gateway, Protoss Air Weapons Level 1  
  69  4:50  Gateway  
  71  4:56  Probe (Chrono Boost)  
  71  4:59  Probe (Chrono Boost)  
  73  5:02  Pylon  
  74  5:08  Pylon, Probe (Chrono Boost)  
  74  5:11  Probe (Chrono Boost)  
  75  5:20  Probe (Chrono Boost)  
  76  5:23  Probe (Chrono Boost)  
  77  5:32  Probe (Chrono Boost)  
  77  5:34  Stargate  
  77  5:35  Probe (Chrono Boost)  
  79  5:36  Probe (Chrono Boost), Fleet Beacon  
  79  5:38  Assimilator  
  79  5:39  Assimilator, Sentry  
  82  5:44  Probe (Chrono Boost)  
  82  5:46  Probe (Chrono Boost)  
  82  5:47  Probe (Chrono Boost)  
  85  5:54  Forge  
  85  5:55  Twilight Council  
  85  5:57  Probe (Chrono Boost)  
  86  5:59  Pylon, Probe (Chrono Boost)  
  86  6:01  Probe (Chrono Boost)  
  88  6:08  Carrier x2  
  88  6:09  Probe (Chrono Boost)  
  90  6:11  Probe (Chrono Boost)  
  90  6:14  Probe (Chrono Boost)  
  91  6:21  Probe (Chrono Boost)  
  91  6:24  Stargate  
  104  6:25  Pylon  
  104  6:29  Photon Cannon  
  104  6:30  Protoss Air Weapons Level 2, Photon Cannon  
  104  6:35  Pylon  
  104  6:47  Protoss Ground Weapons Level 1  
  104  6:51  Gateway  
  104  6:53  Gateway  
  104  6:55  Gateway, Photon Cannon  
  104  7:02  Resonating Glaives  
  110  7:12  Carrier  
  116  7:23  Carrier  
  116  7:24  Adept x3  
  116  7:26  Pylon  
  128  7:39  Carrier  
  128  7:40  Nexus  
  128  7:42  Pylon  
  128  7:47  Pylon  
  134  7:56  Photon Cannon  
  134  7:57  Photon Cannon  
  134  8:06  Pylon  
  134  8:07  Pylon  
  134  8:11  Robotics Facility  
  134  8:14  Templar Archives  
  134  8:17  Photon Cannon  
  134  8:19  Assimilator  
  137  8:21  Probe x3 (Chrono Boost)  
  137  8:23  Assimilator  
  137  8:33  Probe x3 (Chrono Boost)  
  140  8:34  Pylon  
  140  8:38  Carrier  
  140  8:40  Adept x6  
  152  8:45  Probe x3 (Chrono Boost)  
  162  8:57  Probe (Chrono Boost)  
  162  8:59  Probe (Chrono Boost)  
  162  9:01  Carrier  
  169  9:04  Protoss Ground Weapons Level 2  
  168  9:23  Adept x3  
  168  9:24  Graviton Catapult  
  174  9:32  Photon Cannon  
  174  9:33  Pylon, Photon Cannon  
  174  9:35  Photon Cannon  
  174  9:37  Pylon  
  174  9:38  Photon Cannon  
  174  9:44  Adept x3  
  180  9:46  Adept x3  
  172  9:55  Probe (Chrono Boost)  
  172  9:56  Probe x3 (Chrono Boost)  
  171  10:04  Void Ray  
  168  10:08  Probe x3 (Chrono Boost)  
  168  10:09  Stalker x3  
  178  10:20  Probe (Chrono Boost)  
  182  10:21  Probe (Chrono Boost)  
  182  10:22  Probe x2 (Chrono Boost)  
  181  10:28  High Templar x2  
  181  10:32  Archon  
  181  10:35  Observer  
  185  10:41  Photon Cannon  
  185  10:48  High Templar x4  
  193  10:50  Photon Cannon  
  193  10:51  Photon Cannon  
  193  10:54  Archon x2  
  193  11:00  Observer  
  194  11:05  Psionic Storm  
  194  11:06  Robotics Facility  
  194  11:09  Robotics Facility  
  194  11:10  Nexus  
  190  11:13  Pylon  
  190  11:14  Photon Cannon  
  190  11:21  High Templar x3  
  190  11:22  High Templar  
  190  11:23  Warp Prism  
  200  11:30  Photon Cannon  
  200  11:31  Protoss Air Weapons Level 3  
  200  11:33  Photon Cannon  
  200  11:35  Photon Cannon  
  200  11:38  Forge  
  200  11:40  Protoss Ground Weapons Level 3  
  200  11:48  Nexus  
  200  11:51  Pylon  
  196  12:11  Void Ray x2  
  196  12:12  Photon Cannon  
  186  12:16  Protoss Ground Armor Level 1, Void Ray  
  186  12:22  Zealot  
  200  12:23  Archon x2  
  196  12:35  Photon Cannon  
  196  12:37  Photon Cannon  
  196  12:41  Photon Cannon  
  196  12:42  Photon Cannon  
  196  12:43  Warp Prism  
  198  12:47  Photon Cannon  
  198  12:50  Photon Cannon  
  198  12:53  High Templar  
  200  13:10  Photon Cannon  
  200  13:11  Photon Cannon  
  192  13:12  Photon Cannon  
  192  13:15  High Templar x4  
  192  13:16  High Templar  
  198  13:23  Gateway  
  198  13:25  Gateway  
  198  13:27  Assimilator, Gateway  
  198  13:31  Gateway  
  198  13:32  Assimilator  
  198  13:34  Pylon  
  198  13:35  Adept  
  198  13:36  Pylon  
  194  13:42  Photon Cannon x2  
  194  13:48  Adept  
  194  13:51  Photon Cannon  
  196  14:08  Protoss Ground Armor Level 2  
  196  14:11  Protoss Shields Level 1  
  196  14:13  Protoss Air Armor Level 1  
  194  14:34  Blink  
  194  14:35  Pylon  
  188  14:51  Nexus, Stargate  
  186  14:53  Stargate x2  
  186  14:58  Warp Prism x2  
  194  15:01  Observer  
  194  15:05  Pylon  
  191  15:20  Pylon  
  191  15:23  Adept  
  183  15:43  Adept x2, Photon Cannon, Dark Shrine  
  183  15:44  Zealot x4, Adept  
  183  15:45  Zealot x2, Photon Cannon  
  183  15:48  Photon Cannon  
  198  15:57  Protoss Shields Level 2, Protoss Air Armor Level 2  
  184  16:12  High Templar  
  184  16:13  High Templar x3, Adept  
  184  16:14  Adept x3  
  184  16:16  Archon  
  184  16:17  Archon  
  198  16:22  Probe (Chrono Boost)  
  199  16:26  Photon Cannon  
  199  16:27  Photon Cannon  
  199  16:30  Assimilator  
  199  16:31  Assimilator, Immortal  
  199  16:33  Probe (Chrono Boost)  
  199  16:35  Charge  
  158  17:02  Void Ray x4  
  158  17:03  Void Ray  
  158  17:04  Void Ray  
  155  17:17  Immortal x2  
  163  17:23  Immortal  
  167  17:33  High Templar x5  
  167  17:34  High Templar x3  
  167  17:35  High Templar  
  184  17:37  High Templar  
  184  17:38  Archon x2  
  184  17:39  Archon  
  171  17:53  Probe x3 (Chrono Boost)  
  171  17:54  Probe x3 (Chrono Boost)  

Tags
 
Add a new tag
Caveats
  • Supply blocks, unpowered buildings, or Contaminate may cause inaccurate times.
  • Supply counts are checked every 10 seconds.